 Dungeon Crawl Stone Soup version 0.27-a0-951-gae3e1deef5 (webtiles) character file.

Game seed: 17873670180813540275

5 Alarkh the Insei (level 1, 0/15 HPs)
             Began as a Demonspawn Transmuter on Apr 11, 2021.
             Slain by a goblin
             ... wielding a +0 club
              (3 damage)
             ... on level 1 of the Dungeon.
             The game lasted 00:00:19 (158 turns).

Alarkh the Insei (Demonspawn Transmuter)             Turns: 158, Time: 00:00:20

Health: 0/15       AC:  2    Str: 10    XL:     1   Next: 66%
Magic:  1/3        EV: 12    Int: 14    God:
Gold:   18         SH:  0    Dex: 13    Spells: 3/4 levels left

rFire    . . .     SeeInvis .     - Unarmed
rCold    . . .     Faith    .   (no shield)
rNeg     . . .     Spirit   .   a - +0 robe
rPois    .         Reflect  .   (helmet currently unavailable)
rElec    .         Harm     .   (no cloak)
rCorr    .         Rampage  .   (no gloves)
Will     .....                  (boots currently unavailable)
Stlth    +.........             (no amulet)
HPRegen  0.05/turn              (no ring)
MPRegen  0.08/turn              (no ring)

@: lethally poisoned (0 -> -10), appendages (expiring)
A: horns 2, talons 2
a: End Transformation


You were on level 1 of the Dungeon.
You had temporarily grown beastly horns and talons.
You visited 1 branch of the dungeon, and saw 1 of its levels.

You collected 18 gold pieces.

Inventory:

Armour
 a - a +0 robe (worn)
Scrolls
 b - a scroll of blinking {unknown}


   Skills:
 + Level 1.1 Fighting
 - Level 1.7 Dodging
 * Level 2.8 Unarmed Combat
 + Level 2.0 Spellcasting
 + Level 1.9 Transmutations


You had 3 spell levels left.
You knew the following spells:

 Your Spells              Type           Power      Damage    Failure   Level
a - Beastly Appendage     Tmut           12%        N/A       11%         1

Your spell library contained the following spells:

 Spells                   Type           Power      Damage    Failure   Level
 Wereblood                Tmut           6%         N/A       16%         2
 Spider Form              Tmut/Pois      2%         N/A       43%         3
 Ice Form                 Ice/Tmut       4%         N/A       85%         4
 Hydra Form               Tmut           3%         N/A       96%         5


Dungeon Overview and Level Annotations

Branches:
Dungeon (1/15)

Altars:


Innate Abilities, Weirdness & Mutations

You have temporarily grown beastly horns and talons.


Message History

The endoplasm quivers.
The kobold shouts!
You hit the endoplasm. You claw the endoplasm.
You kill the endoplasm!
Casting: Beastly Appendage (safe; 11% risk of failure)
Confirm with . or Enter, or press ? or * to list all spells.
You extend your transformation's duration.
The goblin hits you with a +0 club.
The giant cockroach completely misses you.
Unknown command.
The giant cockroach bites you.
You hit the giant cockroach. Your kick misses the giant cockroach.
You headbutt the giant cockroach.
You kill the giant cockroach!
The kobold throws a stone.
The stone hits you. The goblin misses you. The kobold misses you.
You closely miss the kobold.
Your transformation is almost over.
The goblin barely misses you.
The kobold hits you with a +1 dagger of venom.
You are lethally poisoned!
You are too injured to fight recklessly!
You are too injured to fight recklessly!
You are too injured to fight recklessly!
You are too injured to fight recklessly!
You are too injured to fight recklessly!
You are too injured to fight recklessly!
You are too injured to fight recklessly!
You are too injured to fight recklessly!
You are too injured to fight recklessly!
You are too injured to fight recklessly!
You are too injured to fight recklessly!
You aren't carrying any potions.
Unknown command.
You hit the kobold.
The kobold is severely wounded.
* * * LOW HITPOINT WARNING * * *
You feel very sick. The goblin hits you with a +0 club.
You die...

# #. .#### ###
... ... #.##.#
##K#..# ##@g..# #
##.###(# . #.##
#.# ## # # #.#
... . # ###. #.##
### #. #
#...#####.###.###
.### #
#................
..# #
#...#.........###
#.#.# #
##.##.#######.#
#.#.####


You could see a goblin and a kobold.

Vanquished Creatures
  An endoplasm (D:1)
  A giant cockroach (D:1)
  2 bats (D:1)
  A frilled lizard (D:1)
  A rat (D:1)
6 creatures vanquished.

Notes
Turn   | Place    | Note
-------+----------+-------------------------------------------
     0 | D:1      | Alarkh the Demonspawn Transmuter began the quest for the
                  | Orb.
     0 | D:1      | Reached XP level 1. HP: 15/15 MP: 3/3
   158 | D:1      | Slain by a goblin

Illustrated notes

Levels and vault maps discovered:
D:1:      ncdulo_smallfort, layout_loops_ring,
          hellmonk_ecumenical_altar_inner_sanctum, minmay_pentomino_w2

Action                   || total
-------------------------++-------
Melee: Unarmed           ||    10
       Kick              ||     2
       Headbutt          ||     1
 Cast: Beastly Appendage ||     5
Armor: Robe              ||     4
Dodge: Dodged            ||    11

Table legend: (Time is in decaauts)
 A = Elapsed time spent in this place.
 B = Non-inter-level travel time spent in this place.
 C = Inter-level travel time spent in this place.
 D = Time resting spent in this place.
 E = Time spent auto-exploring this place.
 F = Levels seen in this place.
 G = Mean time per level.
                   A        B        C        D        E       F      G
               +--------+--------+--------+--------+--------+-----+--------+
         Total |    157 |    157 |      0 |      0 |    118 |   1 |  157.0 |
       Dungeon |    157 |    157 |      0 |      0 |    118 |   1 |  157.0 |
               +--------+--------+--------+--------+--------+-----+--------+

Top non-repeatable levels by time:
     D:1: 157 daAuts
